 Dungeon Crawl Stone Soup version 0.32-a0-921-g04a7ad8e02 (webtiles) character file.

Game seed: 20272911200289628

778 Lamaleuchte the Chiller (level 7, -3/48 (52) HPs)
             Began as a Merfolk Ice Elementalist on Apr 12, 2024.
             Slain by an orc warrior
             ... wielding a +0 flail
              (6 damage)
             ... on level 6 of the Dungeon.
             The game lasted 00:55:31 (9183 turns).

Lamaleuchte the Chiller (Merfolk Ice Elementalist)  Turns: 9183, Time: 00:55:32

HP:   -3/48 (52)    AC:  4    Str: 10    XL:     7   Next: 85%
MP:   2/10          EV: 13    Int: 15    God:
Gold: 289           SH:  0    Dex: 14    Spells: 0/10 levels left

rFire   . . .        a - +1 spear
rCold   . . .        (no shield)
rNeg    . . .        y - +0 robe
rPois   +            (no helmet)
rElec   .            p - +0 cloak
rCorr   .            (no gloves)
SInv    .            w - +0 pair of boots
Will    .....        (no amulet)
Stlth   ++           h - ring of poison resistance
HPRegen 0.28/turn    (no ring)
MPRegen 0.12/turn

%: no passive effects
@: freezing walls, drained
A: (nimble swimmer 2), mertail
a: no special abilities


You were on level 6 of the Dungeon.
You visited 1 branch of the dungeon, and saw 6 of its levels.

You collected 289 gold pieces.

Inventory:

Hand Weapons
 a - a +1 spear (weapon)
 b - a +1 sling of freezing
Missiles
 s - 38 stones (quivered)
 z - a boomerang
 B - 6 poisoned darts
Armour
 f - a +0 leather armour
 k - a +0 scale mail
 p - a +0 cloak (worn)
 w - a +0 pair of boots (worn)
 y - a +0 robe (worn)
Magical Staves
 m - a staff of air
 x - a staff of cold
Jewellery
 h - a ring of poison resistance (left hand)
Wands
 n - a wand of paralysis (2)
Scrolls
 c - 2 scrolls of fog {unknown}
 e - a scroll of immolation {unknown}
 j - a scroll of silence {unknown}
 o - a scroll of enchant weapon
 r - a scroll of revelation {unknown}
 t - a scroll of blinking {unknown}
 v - a scroll of noise {unknown}
 A - 2 scrolls of vulnerability {unknown}
Potions
 d - 2 potions of ambrosia
 g - 2 potions of magic
 l - 2 potions of lignification
 q - 2 potions of heal wounds
 u - 2 potions of haste
 C - a potion of mutation {unknown}


   Skills:
 + Level 3.3 Fighting
 * Level 5.6 Polearms
 + Level 1.9 Ranged Weapons
 + Level 5.0 Dodging
 - Level 2.3 Stealth
 - Level 2.0 Spellcasting
 * Level 6.7 Ice Magic


You couldn't memorise any spells.
You knew the following spells:

 Your Spells              Type           Power      Damage    Failure   Level
a - Freeze                Ice            84%        1d9       1%          1
b - Frozen Ramparts       Ice            42%        1d7       4%          3
c - Ozocubu's Armour      Ice            21%        N/A       4%          3
d - Summon Ice Beast      Ice/Summ       11%        N/A       17%         3

Your spell library contained the following spells:

 Spells                   Type           Power      Damage    Failure   Level
 Apportation              Tloc           2%         N/A       22%         1
 Jinxbite                 Hex            2%         N/A       32%         2
 Lesser Beckoning         Tloc           2%         N/A       32%         2
 Maxwell's Portable Pile  Tloc           1%         2d(5-13)  54%         3
 Teleport Other           Tloc           1%         N/A       54%         3
 Alistair's Intoxication  Alch           0%         N/A       99%         5


Dungeon Overview and Level Annotations

Branches:
Dungeon (6/15)
 Temple: D:4-7

Altars:
Uskayaw
Vehumet
Wu Jian
The Shining One

Shops:
D:3 (


Innate Abilities, Weirdness & Mutations

((You are very nimble when in or above water. (Stealth+, EV+, Speed+++)))
Your lower body shifts to a powerful aquatic tail in water.


Message History

Casting: Freeze (safe; 1% risk of failure)
Confirm with . or Enter, or press ? or * to list all spells.
Casting: Frozen Ramparts (dangerous; 4% risk of failure)
Press: ? - help, Dir - look around, f - activate The walls around you are covered in ice.
The wall freezes the hound but does no damage.
The hound misses you.
The wall freezes the hound.
The hound barely misses you.
The wall freezes the orc warrior.
Unknown command.
You closely miss the hound.
The hound is almost dead.
The wall freezes the hound but does no damage.
The hound bites you but does no damage.
You closely miss the hound.
The hound is almost dead.
The wall freezes the orc warrior.
The wall freezes the hound.
You kill the hound!
Your Dodging skill increases to level 5!
Reach: a) +1 spear
Press: ? - help, Dir - move target, f - orc warrior
Aim: an orc warrior, wielding a +0 flail and wearing a +0 plate armour (moderately wounded, about 35% to evade your +1 spear)
You reach to attack!
You hit the orc warrior but do no damage.
The orc warrior is moderately wounded.
The wall freezes the orc warrior but does no damage.
You closely miss the orc warrior.
The orc warrior is moderately wounded.
The wall freezes the orc warrior but does no damage.
The wall freezes the adder.
The adder seems to slow down.
Casting: Frozen Ramparts (dangerous; 4% risk of failure)
Confirm with . or Enter, or press ? or * to list all spells.
Aiming: Freeze (safe; 1% risk of failure)
Press: ? - help, Shift-Dir - straight line, f/p - orc warrior
Aim: an orc warrior, wielding a +0 flail and wearing a +0 plate armour (moderately wounded)
You freeze the orc warrior.
The orc warrior is moderately wounded.
The wall freezes the orc.
The wall freezes the orc warrior but does no damage.
The orc warrior hits you with a +0 flail.
You die...

............#
............#
h..!........#
............#
..........o##
............##
.............###
.........###oSo#
#.....#### ###@#
###### ###


You could see an orc warrior, an adder (slow) and 2 orcs.

Vanquished Creatures
  A steam dragon (D:5)
  An ice beast (D:5)
  A black bear (D:5)
  A bombardier beetle (D:4)
  2 hounds
  2 iguanas
  5 orc wizards (D:5)
  3 gnolls (D:5)
  7 adders
  2 white imps
  3 dart slugs
  A ribbon worm (D:3)
  13 orcs
  7 ball pythons
  6 endoplasms
  4 giant cockroaches
  5 goblins
  5 hobgoblins
  6 quokkas
  3 bats
  A frilled lizard (D:2)
  7 kobolds
  4 rats
90 creatures vanquished.

Notes
Turn   | Place    | Note
-------+----------+-------------------------------------------
     0 | D:1      | Lamaleuchte the Merfolk Ice Elementalist began the quest
                  | for the Orb.
     0 | D:1      | Reached XP level 1. HP: 13/13 MP: 3/3
   917 | D:1      | Reached XP level 2. HP: 19/19 MP: 3/5
  1339 | D:1      | Reached skill level 1 in Polearms
  1350 | D:1      | Found a faded altar of an unknown god.
  2265 | D:2      | Reached XP level 3. HP: 25/25 MP: 2/6
  2269 | D:2      | Learned a level 3 spell: Frozen Ramparts
  3112 | D:2      | Reached skill level 1 in Fighting
  3158 | D:2      | Reached skill level 5 in Ice Magic
  3452 | D:3      | Reached XP level 4. HP: 32/32 MP: 5/7
  3457 | D:3      | Learned a level 3 spell: Ozocubu's Armour
  3926 | D:3      | Found Exyfu's Antique Weapon Shoppe.
  5128 | D:4      | Found a radiant altar of Vehumet.
  5631 | D:4      | Reached XP level 5. HP: 22/37 MP: 3/8
  5702 | D:4      | Found an ornate altar of the Wu Jian Council.
  6215 | D:4      | Noticed a +0 dagger
  6216 | D:4      | Noticed a +0 hand axe
  6219 | D:4      | Found a hide-covered altar of Uskayaw.
  6358 | D:5      | Entered Level 5 of the Dungeon
  6409 | D:5      | Noticed a black bear
  6423 | D:5      | Killed a black bear
  6424 | D:5      | Reached XP level 6. HP: 27/44 MP: 1/9
  6728 | D:5      | Reached skill level 1 in Ranged Weapons
  6759 | D:5      | Reached skill level 6 in Ice Magic
  7355 | D:5      | Reached XP level 7. HP: 47/50 MP: 3/10
  7446 | D:5      | Learned a level 3 spell: Summon Ice Beast
  7542 | D:5      | Reached skill level 5 in Polearms
  8327 | D:5      | Noticed a steam dragon
  8350 | D:5      | Killed a steam dragon
  8600 | D:5      | Found a glowing golden altar of the Shining One.
  9145 | D:6      | HP: 1/47 [wight/+1 dagger of venom (5)]
  9177 | D:6      | HP: 1/47 [hound (3)]
  9181 | D:6      | Reached skill level 5 in Dodging
  9183 | D:6      | Slain by an orc warrior

Illustrated notes

Levels and vault maps discovered:
D:1:      dpeg_arrival_orchard, layout_basic,
          shapermc_ecumenical_altar_starsandcircs, dk_noncrumbling_2,
          chequers_serial_rivers_small_a
D:2:      minmay_evil_eye, layout_loops_ring, minmay_pentomino_s4
D:3:      layout_basic, serial_shops, shop, serial_co_window_serial,
          co_window_of_opportunity_a, co_window_paths_a, co_window_corner_a,
          co_window_corner_a, co_window_cross_1, co_window_of_opportunity_b,
          co_window_broadway_b, co_window_corner_b, co_window_2corner,
          co_window_corner_b, co_window_broadway_b, co_window_corner_ca,
          co_window_paths_e, co_window_4corner_a, glass_columns_b
D:4:      layout_basic, dancing_weapons_uskayaw, nicolae_vehumet_altar_sigil,
          nzn_wu_jian_contemplation, serial_curves, eino_curves_03,
          eino_curves_01, st_stairs_10
D:5:      layout_gridville, nicolae_tso_carved_into_rock
D:6:      layout_cave_pods, overflow_temple_1_default, st_stairs_8

Skill      XL: |  1  2  3  4  5  6  7 |
---------------+----------------------+-----
Dodging        | 3 4 5 |  5.0
Polearms       | 1 2 3 4 5 |  5.6
Fighting       | 1 2 3 |  3.3
Ice Magic      | 5 6 |  6.7
Ranged Weapons | 1 |  1.9
Stealth        | |  2.3
Spellcasting   | |  2.0

Action                     |  1- 3 |  4- 6 |  7- 9 || total
---------------------------+-------+-------+-------++-------
  Melee: Spear             |    44 |   132 |    60 ||   236
         Club              |     1 |       |       ||     1
         Tailslap          |       |     1 |       ||     1
   Fire: Sling             |       |     2 |     5 ||     7
  Throw: Stone             |       |     2 |       ||     2
   Cast: Freeze            |    39 |    28 |    11 ||    78
         Frozen Ramparts   |       |    19 |     7 ||    26
         Ozocubu's Armour  |       |     2 |     7 ||     9
         Summon Ice Beast  |       |       |     1 ||     1
  Evoke: Wand              |       |       |     5 ||     5
    Use: Scroll            |       |     7 |     2 ||     9
   Stab: Sleeping          |    11 |     1 |       ||    12
         Paralysed         |       |       |    10 ||    10
 Armour: Robe              |    14 |    71 |    42 ||   127
  Dodge: Dodged            |    36 |    57 |    41 ||   134

Table legend: (Time is in decaauts)
 A = Elapsed time spent in this place.
 B = Non-inter-level travel time spent in this place.
 C = Inter-level travel time spent in this place.
 D = Time resting spent in this place.
 E = Time spent auto-exploring this place.
 F = Levels seen in this place.
 G = Mean time per level.
                   A        B        C        D        E       F      G
               +--------+--------+--------+--------+--------+-----+--------+
         Total |   9152 |   9019 |    133 |   3617 |   1191 |   6 | 1525.3 |
       Dungeon |   9152 |   9019 |    133 |   3617 |   1191 |   6 | 1525.3 |
               +--------+--------+--------+--------+--------+-----+--------+

Top non-repeatable levels by time:
     D:5: 2644 daAuts
     D:1: 1982 daAuts
     D:3: 1523 daAuts
     D:2: 1469 daAuts
     D:4: 1371 daAuts
     D:6: 162 daAuts
